Map: Orbital Shipyard

Players

ILLBdA - Winner!

  • Race: Protoss Protoss
  • League: Diamond

새벽이형호날두

  • Race: Terran Terran
  • League: Diamond

VOD

Have the link to the VOD?

Description

Time

  • Played on: Dec. 17, 2015, 8:11 a.m.
  • Length: 3:59
Show
View Real Time Build Order
Export as new Build Order

ILLBdA Protoss - Winner!

Build Orders:  

Get SALT Encoding   

  12  0:01  Probe (Chrono Boost)  
  13  0:11  Probe (Chrono Boost)  
  14  0:18  Pylon  
  14  0:22  Probe (Chrono Boost)  
  15  0:37  Probe (Chrono Boost)  
  15  0:41  Pylon  
  16  0:59  Gateway  
  16  1:00  Gateway  
  16  1:04  Assimilator  
  16  1:09  Probe (Chrono Boost)  
  17  1:19  Probe (Chrono Boost)  
  18  1:30  Probe (Chrono Boost)  
  19  1:40  Probe (Chrono Boost)  
  19  1:41  Pylon  
  19  1:42  Pylon  
  22  1:48  Zealot (Chrono Boost)  
  22  1:50  Zealot (Chrono Boost)  
  24  1:59  Pylon  
  24  2:03  Cybernetics Core  
  24  2:13  Pylon  
  24  2:20  Zealot (Chrono Boost)  
  25  2:41  Stalker (Chrono Boost)  
  25  2:43  Stalker (Chrono Boost)  
  29  2:44  Mothership Core (Chrono Boost)  
  27  3:07  Probe (Chrono Boost)  
  27  3:11  Adept  
  30  3:32  Pylon  
  30  3:35  Pylon  
  30  3:39  Pylon  
Show
View Real Time Build Order
Export as new Build Order

새벽이형호날두 Terran 

Build Orders: Reaper Expand 

Get SALT Encoding   

  12  0:01  SCV  
  13  0:13  SCV  
  14  0:19  Supply Depot  
  14  0:25  SCV  
  15  0:41  SCV  
  15  0:42  Barracks  
  16  0:46  Refinery  
  16  0:53  SCV  
  17  1:05  SCV  
  18  1:17  SCV  
  19  1:33  Reaper  
  19  1:34  Orbital Command  
  20  2:01  Bunker  
  20  2:19  Marine  
  20  2:37  Marine  
  17  2:56  Command Center  
  17  2:57  Marine  
  18  3:03  SCV  
  17  3:15  SCV  
  17  3:17  Supply Depot  
  17  3:29  Marine  
Tags
 
Add a new tag
Caveats
  • Supply blocks, unpowered buildings, or Contaminate may cause inaccurate times.
  • Supply counts are checked every 10 seconds.